Map: Dasan Station LE

Players

Gracz

  • Race: Zerg Zerg
  • League: Silver

HAJPER - Winner!

  • Race: Terran Terran

VOD

Have the link to the VOD?

Description

Time

  • Played on: Oct. 7, 2016, 12:58 p.m.
  • Length: 9:59
Show
View Real Time Build Order
Export as new Build Order

Gracz Zerg 

Build Orders: Hatch First 

Get SALT Encoding   

  12  0:01  Drone  
  13  0:13  Drone  
  14  0:19  Overlord  
  14  0:45  Hatchery  
  13  0:53  Drone x3  
  16  1:06  Drone  
  17  1:13  Spawning Pool  
  16  1:26  Drone x2  
  16  1:27  Extractor  
  17  1:45  Drone  
  18  2:00  Zergling x2  
  19  2:03  Zergling x4  
  21  2:12  Queen  
  23  2:17  Zergling x2  
  23  2:18  Zergling x2  
  23  2:19  Zergling x2  
  22  3:29  Zergling x6  
  22  3:31  Zergling x4  
  22  3:33  Overlord  
  21  4:12  Zergling x6  
  21  4:17  Metabolic Boost  
  24  4:22  Roach Warren, Drone x3  
  25  4:31  Queen  
  22  5:14  Overlord x3  
  20  5:17  Extractor  
  19  5:32  Roach  
  19  5:35  Roach  
  23  5:44  Roach  
  23  6:02  Roach x2  
  27  6:20  Hatchery x2  
  23  6:43  Ravager  
  23  6:44  Ravager  
  23  6:46  Roach x2  
  23  6:47  Roach, Queen  
  31  7:09  Ravager x3  
  19  7:38  Roach x4  
  19  7:39  Roach  
  29  7:45  Spine Crawler  
  29  7:47  Spine Crawler  
  27  7:51  Roach x4  
  27  8:05  Ravager x3  
  29  8:06  Ravager  
  14  8:22  Drone x3  
  14  8:27  Roach x6  
  15  8:58  Spine Crawler  
  15  8:59  Zergling x2  
  15  9:00  Spine Crawler, Zergling x4  
  15  9:04  Spawning Pool  
  14  9:25  Hatchery  
Show
View Real Time Build Order
Export as new Build Order

HAJPER Terran - Winner!

Build Orders:  

Get SALT Encoding   

  12  0:01  SCV  
  13  0:13  SCV  
  14  0:22  Supply Depot  
  14  0:27  SCV  
  15  0:44  SCV  
  15  0:46  Barracks  
  16  0:51  Refinery  
  16  1:01  SCV  
  17  1:13  SCV  
  18  1:38  Supply Depot  
  18  1:43  Barracks  
  18  1:46  Barracks  
  18  1:51  Orbital Command  
  18  1:54  Reaper  
  19  2:42  Marine  
  19  2:43  Marine  
  19  2:44  Marine  
  20  3:00  Marine  
  20  3:01  Marine  
  20  3:02  Marine  
  21  3:18  Marine  
  21  3:19  Marine  
  22  3:32  Barracks Reactor  
  21  3:36  Marine  
  21  3:37  Marine  
  22  3:54  Marine  
  21  4:10  SCV  
  21  4:12  Reaper  
  21  4:15  Marine x2  
  25  4:22  SCV  
  26  4:32  Marine x2  
  28  4:44  Reaper  
  28  4:50  Marine x2  
  29  5:08  Marine x2  
  31  5:42  Barracks Tech Lab  
  31  5:45  Marine x2  
  32  6:03  Marine x2  
  34  6:04  Stimpack  
  34  6:05  Marauder  
  36  6:16  Factory  
  36  6:21  Marine x2  
  38  6:34  Marauder  
  38  6:39  Marine x2  
  42  6:55  Marauder  
  42  6:57  Marine, Command Center  
  45  7:03  Starport  
  45  7:05  SCV  
  46  7:17  SCV  
  46  7:19  Marauder  
  47  7:33  SCV  
  47  7:48  SCV  
  47  7:50  Supply Depot  
  47  8:00  SCV  
  47  8:09  Marauder  
  46  8:13  Supply Depot  
  46  8:28  Marine x2  
  46  8:31  Marauder  
  49  8:46  Marine x2  
  51  8:52  Marauder  
  51  9:03  Marine  
  51  9:04  Marine  
  53  9:13  Marauder  
  55  9:21  Marine  
  56  9:35  Marauder  
Tags
 
Add a new tag
Caveats
  • Supply blocks, unpowered buildings, or Contaminate may cause inaccurate times.
  • Supply counts are checked every 10 seconds.